 Dungeon Crawl Stone Soup version 0.29-a0-284-gf9362112df (webtiles) character file.

Game seed: 11078208767786364960

32 Gribbit the Scratcher (level 3, 0/15 HPs)
             Began as a Felid Transmuter on Mar 17, 2022.
             Was a Follower of Makhleb.
             Slain by a quokka (2 damage)
             ... on level 3 of the Dungeon.
             The game lasted 00:12:21 (2035 turns).

Gribbit the Scratcher (Felid Transmuter)            Turns: 2035, Time: 00:12:21

Health: 0/15       AC:  1    Str:  8    XL:     3   Next: 8%
Magic:  7/7        EV: 17    Int: 14    God:    Makhleb [*.....]
Gold:   99         SH:  0    Dex: 16    Spells: 5/6 levels left
                                        Lives:  0   Deaths: 0

rFire   . . .      SeeInvis +     - Unarmed
rCold   + . .      Faith    .   (shield unavailable)
rNeg    . . .      Spirit   .   (body armour unavailable)
rPois   .          Reflect  .   (helmet unavailable)
rElec   .          Harm     .   (cloak unavailable)
rCorr   .          Rampage  .   (gloves unavailable)
Will    +....                   (boots unavailable)
Stlth   +.........              (no amulet)
HPRegen 0.05/turn               b - ring of protection from cold
MPRegen 0.10/turn               g - ring of willpower

@: very slow
A: very small, claws 1, fangs 3, see invisible, speed 1, shaggy fur 1, stealthy
paws, no weapons or thrown items, no armour, multi-lived
a: Renounce Religion


You were on level 3 of the Dungeon.
You worshipped Makhleb.
Makhleb was aware of your devotion.
You visited 1 branch of the dungeon, and saw 3 of its levels.

You collected 99 gold pieces.

Inventory:

Jewellery
 b - a ring of protection from cold (left paw)
 g - a ring of willpower (right paw)
Scrolls
 c - a scroll of identify
 h - 2 scrolls of enchant weapon
 i - a scroll of vulnerability
Potions
 a - 2 potions of lignification
 d - a potion of degeneration {unknown}
 e - a potion of resistance {unknown}
 f - a potion of brilliance {unknown}


   Skills:
 + Level 1.0 Fighting
 + Level 3.0 Dodging
 + Level 0.1 Stealth
 + Level 3.7 Unarmed Combat
 + Level 2.2 Spellcasting
 + Level 2.5 Transmutations


You had 5 spell levels left.
You knew the following spells:

 Your Spells              Type           Power      Damage    Failure   Level
a - Beastly Appendage     Tmut           16%        N/A       9%          1

Your spell library contained the following spells:

 Spells                   Type           Power      Damage    Failure   Level
 Wereblood                Tmut           8%         N/A       12%         2
 Spider Form              Tmut/Pois      5%         N/A       38%         3
 Ozocubu's Armour         Ice            1%         N/A       56%         3
 Ice Form                 Ice/Tmut       5%         N/A       80%         4
 Ozocubu's Refrigeration  Ice            0%         4d5       100%        7


Dungeon Overview and Level Annotations

Branches:
Dungeon (3/15)

Altars:
Makhleb

Portals:
Sewer: D:3


Innate Abilities, Weirdness & Mutations

You have sharp claws.
You have razor-sharp teeth.
You have supernaturally acute eyesight. (SInv)
You cover ground quickly. (Speed+)
You are covered in fur. (AC +1)
Your paws help you pounce on unaware monsters.
You are incapable of wielding weapons or throwing items.
You cannot wear armour.
You gain extra lives every three experience levels.


Message History

The quokka barely misses you.
You see here a giant cockroach corpse.
You barely miss the quokka. The quokka barely misses you.
You scratch the quokka. You claw the quokka.
You kill the quokka!
Makhleb accepts your kill.
You hear the rusting of a drain.
The giant cockroach barely misses you. The giant cockroach misses you.
The giant cockroach splashes around in the water.
You closely miss the giant cockroach.
The giant cockroach completely misses you.
The giant cockroach barely misses you.
You scratch the giant cockroach.
The giant cockroach is lightly wounded.
The giant cockroach barely misses you. The quokka misses you.
The giant cockroach barely misses you.
You scratch the giant cockroach.
You kill the giant cockroach!
Makhleb accepts your kill. The giant cockroach bites you.
The quokka misses you. The giant cockroach misses you. The quokka misses you.
The quokka closely misses you. The giant cockroach barely misses you.
The quokka bites you. The quokka barely misses you.
You closely miss the giant cockroach. The giant cockroach barely misses you.
The quokka barely misses you. The quokka closely misses you.
You barely miss the giant cockroach. The giant cockroach barely misses you.
The quokka misses you.
The quokka splashes around in the water.
The giant cockroach misses you.
You barely miss the giant cockroach. Your bite misses the giant cockroach.
The quokka splashes around in the water.
The quokka bites you. The giant cockroach barely misses you.
The quokka bites you.
* * * LOW HITPOINT WARNING * * *
Your unstable footing causes you to fumble your attack.
The quokka closely misses you.
The giant cockroach splashes around in the water.
The quokka bites you.
You die...

#.. #.# #.# #.######.##
#.##.....>. #.##.###.##
########### #.##.# #.#.
≈≈≈≈≈≈≈r≈.## #.##.###.#[
≈≈≈≈∩≈r@≈..###?.......#.
≈≈≈≈≈≈≈B†.:.............
###########.############
#.# #.# #.# #.# #.# ...


You could see 2 quokkas and a giant cockroach.

Vanquished Creatures
  A dart slug (D:2)
  2 bats
  An endoplasm (D:2)
  3 giant cockroaches
  A goblin (D:1)
  2 hobgoblins
  7 kobolds
  3 quokkas
  4 ball pythons
  2 frilled lizards (D:1)
  2 rats
28 creatures vanquished.

Vanquished Creatures (others)
  12 demonic plants (D:2)
  7 fungi (D:2)
  A plant (D:2)
  2 withered plants (D:2)
22 creatures vanquished.

Grand Total: 50 creatures vanquished

Notes
Turn   | Place    | Note
-------+----------+-------------------------------------------
     0 | D:1      | Gribbit the Felid Transmuter began the quest for the Orb.
     0 | D:1      | Reached XP level 1. HP: 9/9 MP: 4/4
   587 | D:1      | Reached XP level 2. HP: 9/12 MP: 4/6
   944 | D:2      | Found a faded altar of an unknown god.
  1044 | D:2      | Prayed at the altar of an unknown god.
  1044 | D:2      | Became a worshipper of Makhleb the Destroyer
  1044 | D:2      | Reached * piety under Makhleb
  2017 | D:3      | Found a glowing drain.
  2024 | D:3      | Reached XP level 3. HP: 14/15 MP: 7/7
  2035 | D:3      | Slain by a quokka

Illustrated notes

Levels and vault maps discovered:
D:1:      lemuel_arrival_lava_pool, layout_basic
D:2:      layout_basic, shapermc_ecumenical_altar_gd,
          ebering_dispersal_statue_hall, uniq_terence
D:3:      layout_loops_ring, portal_sewer_entry_f

Skill      XL: |  1  2 |
---------------+-------+-----
Dodging        | 3 |  3.0
Fighting       | |  1.0
Stealth        | |  0.1
Unarmed Combat | |  3.7
Spellcasting   | |  2.2
Transmutations | |  2.5

Action                   || total
-------------------------++-------
Melee: Unarmed           ||   168
       Bite              ||    24
       Headbutt          ||     4
       Punch             ||     6
 Cast: Beastly Appendage ||     5
  Use: Scroll            ||     3
       Potion            ||     1
 Stab: Invisible         ||     1
Armor: Skin              ||     5
Dodge: Dodged            ||    69

Table legend: (Time is in decaauts)
 A = Elapsed time spent in this place.
 B = Non-inter-level travel time spent in this place.
 C = Inter-level travel time spent in this place.
 D = Time resting spent in this place.
 E = Time spent auto-exploring this place.
 F = Levels seen in this place.
 G = Mean time per level.
                   A        B        C        D        E       F      G
               +--------+--------+--------+--------+--------+-----+--------+
         Total |   1781 |    984 |    797 |    600 |      0 |   3 |  593.7 |
       Dungeon |   1781 |    984 |    797 |    600 |      0 |   3 |  593.7 |
               +--------+--------+--------+--------+--------+-----+--------+

Top non-repeatable levels by time:
     D:1: 853 daAuts
     D:2: 667 daAuts
     D:3: 259 daAuts
